 Seeded DCSS version 0.30-a0-368-g86fb4627a9 (webtiles) character file.

Game seed: 4866231847754521613 (custom seed)

1189 purpskrrrp the Grappler (level 8, -3/74 HPs)
             Began as a Troll Fighter on Nov 18, 2022.
             Was an Initiate of Cheibriados.
             Slain by a killer bee (5 damage)
             ... on level 8 of the Dungeon.
             The game lasted 00:04:50 (3428 turns).

purpskrrrp the Grappler (Troll Fighter)             Turns: 3428, Time: 00:04:51

Health: -3/74      AC:  6    Str: 35    XL:     8   Next: 19%
Magic:  7/7        EV:  8    Int:  6    God:    Cheibriados [......]
Gold:   394        SH:  8    Dex: 10    Spells: 7/7 levels left

rFire   + + .      SeeInvis +      - Unarmed
rCold   + . .      Faith    .    m - +1 kite shield "Diuk" {Int+5}
rNeg    . . .      Spirit   .    a - +0 robe
rPois   .          Reflect  .    (helmet restricted)
rElec   .          Harm     .    o - +1 cloak of Opleneru {-Tele rF+++ Str+7 Int-4}
rCorr   .          Rampage  .    (gloves unavailable)
Will    .....      NoTele   +    (boots unavailable)
Stlth   +.........               (no amulet)
HPRegen 1.12/turn                j - ring of ice
MPRegen 0.10/turn                k - ring of see invisible

@: lethally poisoned (-3 -> -9), very slow
A: large, unfitting armour, claws 3, regeneration 1, shaggy fur 1, tough skin 1
a: Renounce Religion


You were on level 8 of the Dungeon.
You worshipped Cheibriados.
Cheibriados was noncommittal.
You visited 1 branch of the dungeon, and saw 8 of its levels.

You collected 394 gold pieces.

Inventory:

Armour
 a - a +0 robe (worn)
 b - a +0 kite shield
 m - the +1 kite shield "Diuk" (worn) {Int+5}
   (You acquired it on level 1 of the Dungeon)

   Int:       It affects your intelligence (+5).
 o - the +1 cloak of Opleneru (worn) {-Tele rF+++ Str+7 Int-4}
   (You acquired it on level 2 of the Dungeon)

   Str:       It affects your strength (+7).
   Int:       It affects your intelligence (-4).
   rF:        It renders you almost immune to fire.
   -Tele:     It prevents most forms of teleportation.
Jewellery
 j - a ring of ice (left claw)
 k - a ring of see invisible (right claw)
 x - a +6 ring of intelligence
 y - a ring of poison resistance
 C - a +4 ring of protection
Wands
 r - a wand of flame (15)
Scrolls
 f - 3 scrolls of enchant armour {unknown}
 g - 4 scrolls of teleportation {unknown}
 h - 7 scrolls of identify {unknown}
 i - 3 scrolls of magic mapping {unknown}
 p - a scroll of noise {unknown}
 q - 2 scrolls of poison {unknown}
 t - a scroll of brand weapon {unknown}
 u - a scroll of amnesia {unknown}
 v - a scroll of torment {unknown}
Potions
 c - a potion of berserk rage {unknown}
 d - 3 potions of mutation {unknown}
 e - a potion of degeneration
 l - 3 potions of lignification {unknown}
 n - 2 potions of attraction {unknown}
 s - 2 potions of curing {unknown}
 w - a potion of flight {unknown}
 z - a potion of invisibility {unknown}
 A - a potion of resistance {unknown}
 B - 2 potions of haste {unknown}


   Skills:
 - Level 2.4 Fighting
 - Level 2.4 Dodging
 - Level 2.7 Shields
 + Level 10.0 Unarmed Combat


You had 7 spell levels left.
You didn't know any spells.
Your spell library contained the following spells:

 Spells                   Type           Power      Damage    Failure   Level
 Apportation              Tloc           0%         N/A       77%         1
 Gell's Gravitas          Tloc           0%         N/A       98%         3
 Lesser Beckoning         Tloc           0%         N/A       98%         3
 Teleport Other           Tloc           0%         N/A       98%         3
 Animate Armour           Summ/Erth      0%         N/A       100%        4
 Alistair's Intoxication  Tmut/Pois      0%         N/A       100%        5
 Blade Hands              Tmut           0%         N/A       100%        5
 Iron Shot                Conj/Erth      0%         9d1       100%        6


Dungeon Overview and Level Annotations

Branches:
Dungeon (8/15)
 Temple: D:4-7         Lair: D:8-11

Altars:
Cheibriados
Gozag
Hepliaklqana
Kikubaaqudgha
Ru


Innate Abilities, Weirdness & Mutations

You are too large for most types of armour.
You have claws for hands.
Your natural rate of healing is unusually fast.
You are covered in fur. (AC +1)
You have tough skin. (AC +1)


Message History

You are too injured to fight recklessly!
You are too injured to fight recklessly!
You are too injured to fight recklessly!
You are too injured to fight recklessly!
You are too injured to fight recklessly!
You are too injured to fight recklessly!
You are too injured to fight recklessly!
You are too injured to fight recklessly!
You are too injured to fight recklessly!
You are too injured to fight recklessly!
You are too injured to fight recklessly!
You are too injured to fight recklessly!
You are too injured to fight recklessly!
You are too injured to fight recklessly!
You are too injured to fight recklessly!
You are too injured to fight recklessly!
Unknown command.
You are too injured to fight recklessly!
You miss the killer bee.
You feel sick. The killer bee stings you!
You are more poisoned.
The killer bee poisons you! The killer bee closely misses you.
You block the killer bee's attack. The killer bee stings you!
* * * LOW HITPOINT WARNING * * *
You are more poisoned.
The killer bee poisons you! You block the killer bee's attack. x2
The killer bee barely misses you. The killer bee completely misses you.
The killer bee stings you but does no damage.
The killer bee stings you.
* * * LOW HITPOINT WARNING * * *
You scratch the killer bee.
The killer bee is moderately wounded.
You feel very sick.
The killer bee stings you but does no damage.
The killer bee barely misses you. You block the killer bee's attack.
The killer bee stings you.
* * * LOW HITPOINT WARNING * * *
The killer bee stings you.
* * * LOW HITPOINT WARNING * * *
You block the killer bee's attack. The killer bee stings you.
You die...

...#....
...... ..#...
....#####
#.>.....#
#.....[.#
######.......#
.......yy....#
######.@y5>..#
#.yy....#
#.......#
#########


You could see 5 killer bees and a white imp.

Vanquished Creatures
  Grinder (D:4)
  Duvessa (D:4)
  3 phantoms
  2 necrophages
  Dowan (D:4)
  2 howler monkeys
  A jelly (D:4)
  A hound (D:6)
  2 orc wizards
  An iguana (D:2)
  Natasha (thrice) (D:4)
  3 gnolls (D:6)
  7 adders
  A white imp (D:5)
  6 dart slugs
  12 orcs
  8 endoplasms
  3 giant cockroaches
  7 goblins
  8 hobgoblins
  4 jackals (D:1)
  8 kobolds
  3 quokkas
  5 ball pythons
  10 bats
  A frilled lizard (D:1)
  7 rats
111 creatures vanquished.

Notes
Turn   | Place    | Note
-------+----------+-------------------------------------------
     0 | D:1      | purpskrrrp the Troll Fighter began the quest for the Orb.
     0 | D:1      | Reached XP level 1. HP: 22/22 MP: 0/0
   131 | D:1      | Reached XP level 2. HP: 29/29 MP: 1/1
   172 | D:1      | Reached skill level 3 in Unarmed Combat
   281 | D:1      | Reached XP level 3. HP: 34/36 MP: 2/2
   678 | D:1      | Identified a scroll of acquirement
   678 | D:1      | Acquired the +1 kite shield "Diuk" {Int+5}
   845 | D:2      | Reached skill level 4 in Unarmed Combat
   897 | D:2      | Reached XP level 4. HP: 37/44 MP: 3/3
  1428 | D:2      | Acquired the +1 cloak of Opleneru {-Tele rF+++ Str+7 Int-4}
  1540 | D:3      | Found a faded altar of an unknown god.
  1896 | D:3      | Reached skill level 5 in Unarmed Combat
  1896 | D:3      | Reached XP level 5. HP: 50/50 MP: 4/4
  1996 | D:3      | Found a hazy altar of Hepliaklqana.
  2212 | D:4      | Noticed Duvessa
  2213 | D:4      | Noticed Dowan
  2221 | D:4      | Killed Duvessa
  2222 | D:4      | Reached skill level 6 in Unarmed Combat
  2227 | D:4      | Reached XP level 6. HP: 8/59 MP: 5/5
  2230 | D:4      | Killed Dowan
  2321 | D:4      | Reached skill level 7 in Unarmed Combat
  2385 | D:4      | Noticed Grinder
  2396 | D:4      | Killed Grinder
  2397 | D:4      | Reached XP level 7. HP: 50/66 MP: 6/6
  2426 | D:4      | Reached skill level 8 in Unarmed Combat
  2578 | D:4      | Noticed Natasha
  2584 | D:4      | Killed Natasha
  2602 | D:4      | Noticed Natasha
  2605 | D:4      | Killed Natasha
  2696 | D:4      | Found a sacrificial altar of Ru.
  2696 | D:4      | Found an ancient bone altar of Kikubaaqudgha.
  2847 | D:4      | Noticed Natasha
  2854 | D:4      | Killed Natasha
  2945 | D:5      | Entered Level 5 of the Dungeon
  2979 | D:5      | Reached skill level 9 in Unarmed Combat
  2995 | D:5      | Found a snail-covered altar of Cheibriados.
  3006 | D:5      | Found an opulent altar of Gozag.
  3042 | D:5      | Became a worshipper of Cheibriados the Contemplative
  3263 | D:6      | Identified the +1 chain mail of the Shore {rPois Str+3
                  | Int+3 Dex-5}
  3284 | D:6      | Reached XP level 8. HP: 66/74 MP: 7/7
  3405 | D:7      | Reached skill level 10 in Unarmed Combat
  3428 | D:8      | HP: 2/74 [killer bee (2)]
  3428 | D:8      | Slain by a killer bee

Illustrated notes

Levels and vault maps discovered:
D:1:      dpeg_arrival_arbitrary_c, layout_basic
D:2:      layout_loops_ring, kennysheep_minor_cross
D:3:      minmay_chambers_of_twos, layout_loops_ring, overflow_temple_1_default,
          ebering_ecumenical_altar_petrified
D:4:      layout_loops_cross, gammafunk_temple_overflow_elements, dk_vineyard_3,
          uniq_grinder, uniq_natasha, uniq_duvessa
D:5:      layout_rooms, cheibriados_altar_1, mainiacjoe_overflow_chevrons,
          okawaru_metal_pillars_3, serial_shops, shop_statue,
          ebering_ghost_rock_garden
D:6:      layout_loops_corners, amethyst_overflow_temple_binary,
          kennysheep_windowed_goal
D:7:      layout_basic, old_standard_altar, minmay_temple_entry_mini_moons
D:8:      layout_rooms, glass_columns_a, minmay_shattered_shrine

Skill      XL: |  1  2  3  4  5  6  7  8 |
---------------+-------------------------+-----
Unarmed Combat | 3 4 5 6 7 9 10 | 10.0
Fighting       | |  2.4
Dodging        | |  2.4
Shields        | |  2.7

Action                   |  1- 3 |  4- 6 |  7- 9 || total
-------------------------+-------+-------+-------++-------
Melee: Unarmed           |    88 |    93 |    80 ||   261
  Use: Scroll            |     1 |     1 |       ||     2
       Potion            |       |     2 |       ||     2
 Stab: Sleeping          |     1 |       |     1 ||     2
Armor: Robe              |    41 |    24 |    29 ||    94
Dodge: Dodged            |    33 |    21 |    41 ||    95
Block: Kite shield       |    23 |    32 |    31 ||    86

Table legend: (Time is in decaauts)
 A = Elapsed time spent in this place.
 B = Non-inter-level travel time spent in this place.
 C = Inter-level travel time spent in this place.
 D = Time resting spent in this place.
 E = Time spent auto-exploring this place.
 F = Levels seen in this place.
 G = Mean time per level.
                   A        B        C        D        E       F      G
               +--------+--------+--------+--------+--------+-----+--------+
         Total |   3538 |   3434 |    104 |      0 |   2786 |   8 |  442.2 |
       Dungeon |   3538 |   3434 |    104 |      0 |   2786 |   8 |  442.2 |
               +--------+--------+--------+--------+--------+-----+--------+

Top non-repeatable levels by time:
     D:3: 754 daAuts
     D:4: 743 daAuts
     D:2: 741 daAuts
     D:1: 723 daAuts
     D:6: 360 daAuts
     D:5: 109 daAuts
     D:7: 98 daAuts
     D:8: 6 daAuts
